 Dungeon Crawl Stone Soup version 0.32-a0-290-g598725c5f2 (webtiles) character file.

Game seed: 14692529443972312876

123 jujuben the Chopper (level 4, -2/37 (38) HPs)
             Began as a Mountain Dwarf Warper on Feb 14, 2024.
             Slain by a gnoll
             ... wielding a +0 flail
              (7 damage)
             ... on level 2 of the Dungeon.
             The game lasted 00:02:29 (1226 turns).

jujuben the Chopper (Mountain Dwarf Warper)         Turns: 1226, Time: 00:02:29

HP:   -2/37 (38)    AC:  8    Str: 16    XL:     4   Next: 79%
MP:   6/6           EV:  7    Int: 13    God:
Gold: 83            SH:  0    Dex:  9    Spells: 2/6 levels left

rFire   . . .        a - +0 hand axe
rCold   . . .        (no shield)
rNeg    . . .        l - +0 chain mail
rPois   .            (no helmet)
rElec   .            (no cloak)
rCorr   .            (no gloves)
SInv    .            (no boots)
Will    .....        (no amulet) Stlth
                     (no ring)
HPRegen 0.26/turn    (no ring)
MPRegen 0.10/turn

%: no passive effects
@: mighty, lightly drained
A: runic magic, artefact enchanting
a: no special abilities


You were on level 2 of the Dungeon.
You visited 1 branch of the dungeon, and saw 2 of its levels.

You collected 83 gold pieces.

Inventory:

Hand Weapons
 a - a +0 hand axe (weapon)
Missiles
 d - 7 darts of dispersal (quivered)
Armour
 b - a +0 leather armour
 l - a +0 chain mail (worn)
Magical Staves
 e - a staff of cold
Talismans
 g - a serpent talisman
Scrolls
 c - a scroll of blinking
 h - a scroll of identify {unknown}
 i - a scroll of fog {unknown}
 k - a scroll of revelation {unknown}
Potions
 j - a potion of invisibility {unknown}


   Skills:
 + Level 3.1 Fighting
 * Level 4.2 Axes
 - Level 0.7 Throwing
 + Level 2.4 Armour
 - Level 1.3 Dodging
 - Level 1.7 Spellcasting
 + Level 3.0 Translocations


You had 2 spell levels left.
You knew the following spells:

 Your Spells              Type           Power      Damage    Failure   Level
a - Blink                 Tloc           16%        N/A       22%         2
b - Lesser Beckoning      Tloc           16%        N/A       22%         2

Your spell library contained the following spells:

 Spells                   Type           Power      Damage    Failure   Level
 Necrotise                Necr           4%         1d4       43%         1
 Teleport Other           Tloc           8%         N/A       38%         3
 Manifold Assault         Tloc           8%         N/A       80%         4
 Vampiric Draining        Necr           1%         2d6       82%         3
 Vhi's Electric Charge    Tloc/Air       10%        N/A       95%         4
 Martyr's Knell           Necr/Summ      1%         N/A       99%         4
 Curse of Agony           Necr           1%         N/A       100%        5


Dungeon Overview and Level Annotations

Branches:
Dungeon (2/15)

Altars:

Annotations:
D:2 Robin


Innate Abilities, Weirdness & Mutations

Your spellcasting is much less encumbered by armour.
You can use scrolls of enchantment on lesser artefacts.


Message History

The gnoll hits you with a +0 flail.
The ball python bites you but does no damage.
The ball python grabs you. The ball python constricts you.
Your Axes skill increases to level 4!
You hit the endoplasm.
The endoplasm is heavily wounded.
You slash the ball python!
You kill the ball python!
You barely miss the gnoll. The endoplasm completely misses you.
The gnoll hits you with a +0 flail.
Unknown command.
You barely miss the endoplasm.
The endoplasm is heavily wounded.
You slash the goblin!
You kill the goblin!
You closely miss the gnoll. The endoplasm hits you.
The gnoll hits you with a +0 flail!
* * * LOW HITPOINT WARNING * * *
You slash the endoplasm!
You kill the endoplasm!
You hit the goblin. You slash the gnoll!
You kill the gnoll!
The goblin hits you but does no damage.
Robin of the Strong Arm comes into view.
They are wielding a +6 heavy spear and carrying a wand of flame.
Your Translocations skill increases to level 3!
Unknown command.
You closely miss the goblin.
The goblin is moderately wounded.
You barely miss the goblin.
The goblin hits you with a +0 dagger of draining.
* * * LOW HITPOINT WARNING * * *
You feel drained. The goblin hits you but does no damage.
Unknown command.
You hit the goblin.
You kill the goblin!
You slash the goblin!
You kill the goblin!
You barely miss the goblin. You barely miss the gnoll.
The gnoll hits you with a +0 flail!
You die...

###'#........#
####
#..).#########
#####..).#
#...'....#
#####....#
#....# #....#
#..)g## #.)@g.#
######J#'#####
#.g..g.g...(..
##g........####
...........#
...........#
##........##
##.g|.....#
#........#


You could see Robin, a gnoll, an endoplasm and 3 goblins.

Vanquished Creatures
  3 gnolls (D:2)
  An adder (D:2)
  4 endoplasms
  3 giant cockroaches (D:1)
  11 goblins
  5 hobgoblins
  4 quokkas (D:1)
  A ball python (D:2)
  5 bats
  2 frilled lizards (D:1)
  5 kobolds
  6 rats
50 creatures vanquished.

Notes
Turn   | Place    | Note
-------+----------+-------------------------------------------
     0 | D:1      | jujuben the Mountain Dwarf Warper began the quest for the
                  | Orb.
     0 | D:1      | Reached XP level 1. HP: 17/17 MP: 3/3
   106 | D:1      | Reached XP level 2. HP: 23/25 MP: 4/4
   107 | D:1      | Reached skill level 3 in Axes
   171 | D:1      | Reached XP level 3. HP: 24/30 MP: 5/5
   423 | D:1      | Learned a level 2 spell: Blink
   426 | D:1      | Learned a level 2 spell: Lesser Beckoning
   889 | D:1      | You fall into a shaft and drop 1 floor!
  1127 | D:2      | Reached XP level 4. HP: 37/37 MP: 6/6
  1222 | D:2      | Reached skill level 4 in Axes
  1224 | D:2      | Noticed Robin
  1226 | D:2      | Slain by a gnoll

Illustrated notes

Levels and vault maps discovered:
D:1:      wander_arrival_abandoned_jail, layout_basic, st_stairs_13,
          nicolae_kite_square_tiling_tiny
D:2:      layout_basic, minmay_bisected, uniq_robin

Skill      XL: |  1  2  3  4 |
---------------+-------------+-----
Axes           | 3 4 |  4.2
Armour         | 2 |  2.4
Fighting       | 3 |  3.1
Translocations | 3 |  3.0
Throwing       | |  0.7
Dodging        | |  1.3
Spellcasting   | |  1.7

Action                     |  1- 3 |  4- 6 || total
---------------------------+-------+-------++-------
  Melee: Hand axe          |   126 |    35 ||   161
    Use: Potion            |       |     1 ||     1
 Armour: Leather armour    |    73 |       ||    73
         Chain mail        |    17 |    48 ||    65
  Dodge: Dodged            |    99 |    21 ||   120

Table legend: (Time is in decaauts)
 A = Elapsed time spent in this place.
 B = Non-inter-level travel time spent in this place.
 C = Inter-level travel time spent in this place.
 D = Time resting spent in this place.
 E = Time spent auto-exploring this place.
 F = Levels seen in this place.
 G = Mean time per level.
                   A        B        C        D        E       F      G
               +--------+--------+--------+--------+--------+-----+--------+
         Total |   1245 |   1210 |     35 |     59 |    813 |   2 |  622.5 |
       Dungeon |   1245 |   1210 |     35 |     59 |    813 |   2 |  622.5 |
               +--------+--------+--------+--------+--------+-----+--------+

Top non-repeatable levels by time:
     D:1: 901 daAuts
     D:2: 343 daAuts
